[ AOE2 MATCH · #507235326 ]
UnrankedTatars vs Turks
Player's team · LOSS
Rival team · WIN
[ REPLAY ANALYSIS · EXTRACTED FROM THE RECORDED GAME ]
Feudal
8:51
Castle
20:27
Imperial
—
| APM avg | 82.3 |
| APM peak | 123 |
| eAPM avg | 31.3 |
| Villagers / military | 171 / 214 |
Focus
⚔️ 39.3% · 🌾 60.7%
Cavalry Archer ×173 · Skirmisher ×32 · Archer ×8 · Spearman ×1
Feudal
12:36
Castle
16:10
Imperial
—
| APM avg | 51.3 |
| APM peak | 95 |
| eAPM avg | 26.6 |
| Villagers / military | 185 / 264 |
Focus
⚔️ 53.9% · 🌾 46.1%
Cavalry Archer ×159 · Scout Cavalry ×69 · Archer ×20 · Scorpion ×10 · Monk ×3 · Militia ×3
Match map
Initial resources + every placement click. Lines = walls · curves = elevation contours. ◆ gold · ⬟ stone · ● berries · ✦ relic · ◌ wall gap
Your base· ✓ Closed at 20:27 · 41t walls · no gate
Fakedos's base· Open — unwalled flank
Smoothed initial terrain · ◌ = detected wall gap · hover for details
Inputs per minute
— MorrocanPlayer - - Fakedos
Build order — MorrocanPlayer
First 150 of 553 actions detected
| 0:01 | Create | Villager (Male) |
| 0:01 | Create | Villager (Male) |
| 0:02 | Build | House |
| 0:05 | Build | House |
| 0:24 | Create | Villager (Male) |
| 0:34 | Create | Villager (Male) |
| 1:29 | Create | Villager (Male) |
| 1:44 | Build | Lumber Camp |
| 1:53 | Create | Villager (Male) |
| 2:26 | Create | Villager (Male) |
| 2:27 | Create | Villager (Male) |
| 2:51 | Create | Villager (Male) |
| 3:09 | Create | Villager (Male) |
| 3:25 | Build | House |
| 3:26 | Build | House |
| 3:33 | Create | Villager (Male) |
| 3:54 | Create | Villager (Male) |
| 4:17 | Create | Villager (Male) |
| 4:53 | Create | Villager (Male) |
| 5:10 | Build | Mill |
| 5:20 | Create | Villager (Male) |
| 5:30 | Create | Villager (Male) |
| 5:33 | Research | Loom |
| 6:30 | Build | Palisade Wall |
| 6:32 | Build | Palisade Wall |
| 6:33 | Build | Palisade Wall |
| 6:37 | Research | Feudal Age |
| 6:37 | Research | Feudal Age |
| 7:08 | Build | Palisade Wall |
| 7:09 | Build | Palisade Wall |
| 7:09 | Build | Palisade Wall |
| 7:13 | Build | Palisade Wall |
| 7:14 | Build | Palisade Wall |
| 7:15 | Build | Palisade Wall |
| 7:16 | Build | Palisade Wall |
| 7:17 | Build | Palisade Wall |
| 7:17 | Build | Palisade Wall |
| 7:22 | Build | Palisade Wall |
| 7:24 | Build | Palisade Wall |
| 7:25 | Build | Palisade Wall |
| 7:25 | Build | Palisade Wall |
| 7:28 | Build | Palisade Wall |
| 7:44 | Build | Mining Camp |
| 7:50 | Build | Palisade Wall |
| 7:55 | Build | Palisade Wall |
| 8:03 | Build | Palisade Wall |
| 8:27 | Create | Villager (Male) |
| 8:51 | Age | Feudal Age |
| 8:53 | Create | Villager (Male) |
| 9:00 | Build | Barracks |
| 9:10 | Research | Double-Bit Axe |
| 9:22 | Create | Villager (Male) |
| 9:32 | Create | Villager (Male) |
| 9:50 | Build | Archery Range |
| 10:04 | Create | Villager (Male) |
| 10:18 | Create | Spearman |
| 10:35 | Create | Archer |
| 10:36 | Create | Archer |
| 10:38 | Build | House |
| 11:06 | Create | Villager (Male) |
| 11:08 | Create | Archer |
| 11:12 | Build | Blacksmith |
| 11:18 | Build | Mill |
| 11:24 | Create | Villager (Male) |
| 11:24 | Create | Villager (Male) |
| 11:26 | Build | Farm |
| 11:28 | Build | House |
| 11:29 | Build | House |
| 11:33 | Build | House |
| 11:39 | Create | Archer |
| 11:55 | Build | Farm |
| 12:22 | Create | Villager (Male) |
| 12:22 | Create | Villager (Male) |
| 12:31 | Create | Villager (Male) |
| 12:34 | Build | House |
| 12:35 | Build | Farm |
| 12:48 | Create | Archer |
| 13:03 | Create | Villager (Male) |
| 13:05 | Build | Farm |
| 13:06 | Build | Farm |
| 13:12 | Build | House |
| 13:18 | Create | Villager (Male) |
| 13:21 | Build | Farm |
| 13:43 | Research | Fletching |
| 13:44 | Create | Villager (Male) |
| 13:59 | Create | Villager (Male) |
| 14:00 | Build | Farm |
| 14:02 | Create | Villager (Male) |
| 14:17 | Create | Villager (Male) |
| 14:21 | Build | Palisade Wall |
| 14:26 | Create | Archer |
| 14:27 | Create | Villager (Male) |
| 14:36 | Create | Villager (Male) |
| 14:42 | Build | Farm |
| 14:42 | Build | Farm |
| 14:59 | Create | Villager (Male) |
| 15:01 | Build | Farm |
| 15:08 | Create | Archer |
| 15:14 | Build | House |
| 15:45 | Create | Villager (Male) |
| 15:46 | Create | Archer |
| 15:48 | Create | Villager (Male) |
| 15:49 | Build | House |
| 15:56 | Build | House |
| 16:07 | Create | Villager (Male) |
| 16:29 | Build | House |
| 16:37 | Build | Market |
| 17:03 | Create | Skirmisher |
| 17:21 | Create | Villager (Male) |
| 17:44 | Build | Watch Tower |
| 17:44 | Research | Castle Age |
| 18:00 | Create | Skirmisher |
| 18:00 | Create | Skirmisher |
| 18:17 | Build | Farm |
| 18:22 | Create | Skirmisher |
| 18:35 | Create | Villager (Male) |
| 19:03 | Build | Farm |
| 19:12 | Research | Padded Archer Armor |
| 19:43 | Build | Lumber Camp |
| 19:45 | Build | House |
| 20:00 | Build | Archery Range |
| 20:01 | Create | Skirmisher |
| 20:01 | Create | Skirmisher |
| 20:05 | Create | Skirmisher |
| 20:18 | Build | House |
| 20:20 | Build | House |
| 20:27 | Age | Castle Age |
| 20:29 | Build | House |
| 20:32 | Build | House |
| 20:34 | Build | House |
| 20:36 | Research | Bodkin Arrow |
| 20:44 | Research | Elite Skirmisher (upgrade) |
| 20:45 | Create | Villager (Male) |
| 21:06 | Create | Skirmisher |
| 21:06 | Create | Skirmisher |
| 21:16 | Build | Farm |
| 21:16 | Build | Farm |
| 21:24 | Build | Mining Camp |
| 21:27 | Create | Skirmisher |
| 21:37 | Create | Skirmisher |
| 21:44 | Create | Villager (Male) |
| 22:01 | Create | Skirmisher |
| 22:01 | Create | Skirmisher |
| 22:19 | Create | Skirmisher |
| 22:25 | Build | House |
| 22:31 | Build | Palisade Gate |
| 22:37 | Build | House |
| 22:39 | Build | House |
| 23:02 | Create | Cavalry Archer |
| 23:02 | Create | Cavalry Archer |
Build order — Fakedos
First 150 of 547 actions detected
| 0:01 | Create | Villager (Male) |
| 0:02 | Create | Villager (Male) |
| 0:02 | Build | House |
| 0:03 | Build | House |
| 0:06 | Create | Villager (Male) |
| 0:10 | Create | Villager (Male) |
| 1:27 | Create | Villager (Male) |
| 1:54 | Build | Lumber Camp |
| 2:01 | Create | Villager (Male) |
| 2:01 | Create | Villager (Male) |
| 2:14 | Create | Villager (Male) |
| 2:32 | Build | Palisade Wall |
| 2:41 | Create | Villager (Male) |
| 2:41 | Create | Villager (Male) |
| 3:05 | Create | Villager (Male) |
| 3:05 | Create | Villager (Male) |
| 3:33 | Create | Villager (Male) |
| 3:49 | Build | House |
| 3:53 | Create | Villager (Male) |
| 3:53 | Create | Villager (Male) |
| 4:28 | Create | Villager (Male) |
| 4:53 | Build | Barracks |
| 4:54 | Create | Villager (Male) |
| 5:12 | Build | House |
| 5:19 | Create | Villager (Male) |
| 5:36 | Build | House |
| 5:42 | Create | Villager (Male) |
| 5:51 | Create | Militia |
| 5:51 | Create | Militia |
| 6:04 | Create | Villager (Male) |
| 6:17 | Create | Villager (Male) |
| 6:31 | Create | Militia |
| 6:38 | Build | Mill |
| 6:54 | Create | Villager (Male) |
| 7:14 | Create | Villager (Male) |
| 7:32 | Create | Villager (Male) |
| 7:43 | Create | Villager (Male) |
| 8:00 | Build | Farm |
| 8:03 | Build | House |
| 8:07 | Create | Villager (Male) |
| 8:07 | Create | Villager (Male) |
| 8:10 | Create | Villager (Male) |
| 8:26 | Create | Villager (Male) |
| 8:27 | Build | Farm |
| 8:34 | Create | Villager (Male) |
| 8:48 | Research | Loom |
| 8:52 | Build | Farm |
| 8:54 | Build | Farm |
| 9:12 | Build | Farm |
| 9:29 | Build | Farm |
| 9:54 | Research | Feudal Age |
| 9:57 | Build | Mining Camp |
| 10:28 | Build | Mill |
| 10:46 | Create | Villager (Male) |
| 10:46 | Create | Villager (Male) |
| 12:36 | Age | Feudal Age |
| 12:39 | Build | Archery Range |
| 12:42 | Build | Blacksmith |
| 12:44 | Build | Watch Tower |
| 13:30 | Research | Castle Age |
| 13:35 | Build | House |
| 13:38 | Create | Archer |
| 13:49 | Build | House |
| 13:54 | Build | House |
| 13:58 | Create | Archer |
| 14:19 | Create | Archer |
| 14:28 | Research | Fletching |
| 14:38 | Build | House |
| 14:50 | Create | Archer |
| 15:05 | Build | House |
| 15:13 | Create | Archer |
| 15:16 | Build | Outpost |
| 15:24 | Build | House |
| 15:34 | Build | House |
| 15:45 | Create | Archer |
| 16:10 | Age | Castle Age |
| 16:11 | Research | Crossbowman (upgrade) |
| 16:11 | Research | Crossbowman (upgrade) |
| 16:21 | Build | Archery Range |
| 16:38 | Build | House |
| 16:42 | Create | Archer |
| 16:45 | Research | Bodkin Arrow |
| 17:00 | Create | Archer |
| 17:02 | Create | Villager (Male) |
| 17:12 | Build | House |
| 17:15 | Create | Archer |
| 17:25 | Create | Archer |
| 17:26 | Create | Archer |
| 17:32 | Build | Farm |
| 17:35 | Create | Villager (Male) |
| 17:39 | Create | Archer |
| 17:58 | Create | Archer |
| 18:01 | Create | Archer |
| 18:18 | Create | Villager (Male) |
| 18:21 | Create | Archer |
| 18:30 | Create | Villager (Male) |
| 18:38 | Create | Archer |
| 18:46 | Create | Archer |
| 18:50 | Build | Farm |
| 18:52 | Create | Archer |
| 19:06 | Create | Archer |
| 19:27 | Create | Villager (Male) |
| 19:43 | Build | Farm |
| 19:48 | Create | Villager (Male) |
| 19:49 | Build | Farm |
| 19:54 | Create | Cavalry Archer |
| 19:54 | Create | Cavalry Archer |
| 19:55 | Create | Cavalry Archer |
| 20:17 | Create | Villager (Male) |
| 20:19 | Create | Cavalry Archer |
| 20:20 | Create | Cavalry Archer |
| 20:20 | Create | Cavalry Archer |
| 20:20 | Create | Cavalry Archer |
| 20:37 | Create | Archer |
| 20:52 | Create | Villager (Male) |
| 21:02 | Create | Villager (Male) |
| 21:07 | Create | Cavalry Archer |
| 21:07 | Create | Cavalry Archer |
| 21:18 | Create | Villager (Male) |
| 21:25 | Build | Lumber Camp |
| 21:26 | Create | Cavalry Archer |
| 21:27 | Create | Cavalry Archer |
| 21:45 | Create | Cavalry Archer |
| 21:55 | Create | Villager (Male) |
| 22:14 | Create | Villager (Male) |
| 22:44 | Create | Villager (Male) |
| 22:58 | Build | Market |
| 23:12 | Create | Villager (Male) |
| 23:24 | Build | Farm |
| 23:25 | Build | Farm |
| 23:25 | Build | Farm |
| 23:27 | Build | Farm |
| 23:29 | Create | Cavalry Archer |
| 23:29 | Create | Cavalry Archer |
| 23:29 | Create | Cavalry Archer |
| 23:43 | Create | Villager (Male) |
| 23:48 | Research | Double-Bit Axe |
| 23:56 | Build | Lumber Camp |
| 24:08 | Create | Cavalry Archer |
| 24:08 | Create | Cavalry Archer |
| 24:20 | Create | Villager (Male) |
| 24:36 | Build | Town Center |
| 24:39 | Create | Villager (Male) |
| 24:49 | Create | Villager (Male) |
| 24:51 | Create | Cavalry Archer |
| 24:51 | Create | Cavalry Archer |
| 25:08 | Create | Villager (Male) |
| 25:15 | Create | Cavalry Archer |
| 25:15 | Create | Cavalry Archer |
| 25:28 | Create | Villager (Male) |
Match timeline
| 2:32 | Fakedos · wall_segment Palisade Wall x1 |
| 4:53 | Fakedos · first_building Barracks |
| 6:30 | MorrocanPlayer · wall_segment Palisade Wall x1 |
| 6:32 | MorrocanPlayer · wall_segment Palisade Wall x1 |
| 6:33 | MorrocanPlayer · wall_segment Palisade Wall x1 |
| 7:08 | MorrocanPlayer · wall_segment Palisade Wall x1 |
| 7:09 | MorrocanPlayer · wall_segment Palisade Wall x1 |
| 7:09 | MorrocanPlayer · wall_segment Palisade Wall x1 |
| 7:13 | MorrocanPlayer · wall_segment Palisade Wall x1 |
| 7:14 | MorrocanPlayer · wall_segment Palisade Wall x1 |
| 7:15 | MorrocanPlayer · wall_segment Palisade Wall x1 |
| 7:16 | MorrocanPlayer · wall_segment Palisade Wall x1 |
| 7:17 | MorrocanPlayer · wall_segment Palisade Wall x1 |
| 7:17 | MorrocanPlayer · wall_segment Palisade Wall x1 |
| 7:22 | MorrocanPlayer · wall_segment Palisade Wall x1 |
| 7:24 | MorrocanPlayer · wall_segment Palisade Wall x1 |
| 7:25 | MorrocanPlayer · wall_segment Palisade Wall x1 |
| 7:25 | MorrocanPlayer · wall_segment Palisade Wall x2 |
| 7:28 | MorrocanPlayer · wall_segment Palisade Wall x1 |
| 7:50 | MorrocanPlayer · wall_segment Palisade Wall x2 |
| 7:55 | MorrocanPlayer · wall_segment Palisade Wall x2 |
| 8:03 | MorrocanPlayer · wall_segment Palisade Wall x1 |
| 8:51 | MorrocanPlayer · age_up feudal |
| 9:00 | MorrocanPlayer · first_building Barracks |
| 9:50 | MorrocanPlayer · first_building Archery Range |
| 12:36 | Fakedos · age_up feudal |
| 12:39 | Fakedos · first_building Archery Range |
| 14:21 | MorrocanPlayer · wall_segment Palisade Wall x21 |
| 16:10 | Fakedos · age_up castle |
| 17:34 | MorrocanPlayer · first_market_buy 100 food |
| 17:37 | MorrocanPlayer · first_market_sell 100 wood |
| 20:27 | MorrocanPlayer · age_up castle |
| 23:45 | Fakedos · first_market_buy 100 food |
| 23:50 | MorrocanPlayer · wall_segment Palisade Wall x1 |
| 25:39 | Fakedos · first_market_sell 100 wood |
| 26:22 | Fakedos · first_building Siege Workshop |
| 31:31 | MorrocanPlayer · first_building Stable |
| 32:21 | Fakedos · first_building Stable |
| 36:08 | Fakedos · first_building Castle |
| 43:06 | Fakedos · first_building Monastery |
| 46:24 | MorrocanPlayer · first_building Castle |
| 54:27 | MorrocanPlayer · resign |
[ AI ANALYSIS · 1 CREDIT ]
What really happened in this match?
Wolo.gg analyzes every decision: build order, eco, micro, common mistakes by bracket. Personalized analysis on WhatsApp or Discord in 30 seconds.
Civ guide
Tatars
Perfil
Jugador #6072155